 Dungeon Crawl Stone Soup version 0.29-a0-477-g62b78b4225 (webtiles) character file.

Game seed: 9965460858674075330

191 jlumianski the Chopper (level 5, 0/41 HPs)
             Began as a Demonspawn Fighter on May 25, 2022.
             Slain by an orc
             ... wielding a +0 dagger
              (3 damage)
             ... on level 4 of the Dungeon.
             The game lasted 00:10:56 (2540 turns).

jlumianski the Chopper (Demonspawn Fighter)         Turns: 2540, Time: 00:10:57

Health: 0/41       AC:  8    Str: 19    XL:     5   Next: 41%
Magic:  5/5        EV: 10    Int:  9    God:
Gold:   58         SH:  5    Dex: 18    Spells: 4/4 levels left

rFire   . . .      SeeInvis .   a - +0 war axe (drain)
rCold   . . .      Faith    .   c - +0 buckler
rNeg    . . .      Spirit   .   b - +0 scale mail
rPois   .          Reflect  .   (no helmet)
rElec   .          Harm     .   v - +0 cloak
rCorr   .          Rampage  .   (no gloves)
Will    .....                   (no boots)
Stlth   +.........              (no amulet)
HPRegen 0.13/turn               r - +6 ring of dexterity
MPRegen 0.09/turn               (no ring)

@: unable to read
A: claws 1, icy blue scales 2, demonic guardian 1, deformed body, deterioration
1, wild magic 1, inability to read while threatened, sturdy frame 1
a: no special abilities


You were on level 4 of the Dungeon.
You visited 1 branch of the dungeon, and saw 4 of its levels.

You collected 130 gold pieces.
You spent 72 gold pieces at shops.

Inventory:

Hand Weapons
 a - a +0 war axe of draining (weapon)
 n - a +2 spear of venom
 q - a +0 hunting sling
Missiles
 p - 85 stones (quivered)
Armour
 b - a +0 scale mail (worn)
 c - a +0 buckler (worn)
 v - a +0 cloak (worn)
Jewellery
 r - a +6 ring of dexterity (left claw)
 t - an amulet of magic regeneration
Scrolls
 f - 2 scrolls of identify {unknown}
 i - 2 scrolls of poison
 k - 2 scrolls of teleportation
 o - a scroll of blinking
 s - a scroll of summoning {unknown}
 u - a scroll of immolation {unknown}
Potions
 d - a potion of might
 e - a potion of brilliance {unknown}
 g - 4 potions of heal wounds
 h - a potion of resistance {unknown}
 j - a potion of invisibility {unknown}
 m - 5 potions of curing


   Skills:
 + Level 3.5 Fighting
 + Level 3.5 Axes
 + Level 3.5 Armour
 + Level 1.2 Dodging
 + Level 0.2 Stealth
 + Level 3.1 Shields


You had 4 spell levels left.
You didn't know any spells.
Your spell library contained the following spells:

 Spells                   Type           Power      Damage    Failure   Level
 Slow                     Hex            0%         N/A       78%         1
 Static Discharge         Conj/Air       0%         N/A       89%         2
 Confusing Touch          Hex            0%         N/A       98%         3
 Vampiric Draining        Necr           0%         2d6       98%         3
 Dispel Undead            Necr           0%         3d6       100%        4
 Sticky Flame             Conj/Fire      0%         2d3       100%        4


Dungeon Overview and Level Annotations

Branches:
Dungeon (4/15)
 Temple: D:4-7

Altars:
Hepliaklqana

Shops:
D:2 [   D:3 !


Innate Abilities, Weirdness & Mutations

You have sharp fingernails.
You are mostly covered in icy blue scales. (AC +3)
A weak demonic guardian rushes to your aid.
Armour fits poorly on your strangely shaped body.
Your body sometimes deteriorates upon taking damage.
Your spells are a little harder to cast, but a little more powerful.
You sometimes lose the ability to read scrolls when taking damage.
Your movements are slightly less encumbered by armour. (ER -2)


Message History

You can read scrolls again.
The ufetubus barely misses you. You block the ufetubus's attack.
The orc completely misses you. The orc hits you but does no damage. x2
You block the ufetubus's attack. The ufetubus hits you.
You feel threatened and lose the ability to read scrolls!
The ufetubus hits you but does no damage.
The ufetubus hits you.
* * * LOW HITPOINT WARNING * * *
You block the orc's attack. The orc hits you but does no damage.
The orc hits you with a +0 falchion.
* * * LOW HITPOINT WARNING * * *
You block the ufetubus's attack.
The ufetubus hits you but does no damage.
The orc closely misses you. The orc hits you but does no damage. x2
The ufetubus barely misses you. You block the ufetubus's attack.
The ufetubus hits you but does no damage.
The ufetubus barely misses you. The orc barely misses you.
The orc hits you but does no damage. The orc hits you with a +0 falchion.
* * * LOW HITPOINT WARNING * * *
A demonic guardian appears!
Your ufetubus closely misses the ufetubus.
Your ufetubus misses the ufetubus. You block the ufetubus's attack.
The ufetubus barely misses you. The orc closely misses you.
The orc hits you with a +0 falchion.
* * * LOW HITPOINT WARNING * * *
The orc hits you but does no damage. The ufetubus barely misses you.
The ufetubus hits you but does no damage.
Your ufetubus barely misses the ufetubus. x2
The orc hits you but does no damage. The orc misses you.
Your ufetubus closely misses the ufetubus.
Your ufetubus completely misses the ufetubus.
The ufetubus hits you but does no damage.
You block the ufetubus's attack. You block the orc's attack.
Your ufetubus closely misses the ufetubus.
Your ufetubus hits the ufetubus. The ufetubus hits you.
* * * LOW HITPOINT WARNING * * *
The ufetubus hits you but does no damage.
The orc hits you with a +0 dagger.
You die...

###
#.########
#........#
#.######.#
#.# #.# #.#
#.###### #.#
#......#
##.#####.#
###.####
.....oo@.#
#.#
#.....oo5...#
#.#
#.......5...#
#.#
#...........#
#.#
#...........#
#.#
##.##########
#.# #. #.####
# #...<#
######


You could see 4 orcs, an ufetubus (ally target) and a friendly ufetubus
(summoned).

Vanquished Creatures
  The ghost of ders the Magician, an amateur DjCj (D:3)
  A hound (D:3)
  An adder (D:3)
  4 worms
  3 orcs (D:3)
  8 ball pythons
  6 endoplasms
  3 giant cockroaches
  3 goblins
  9 hobgoblins
  2 jackals (D:1)
  7 bats
  A frilled lizard (D:1)
  4 kobolds
  4 rats
57 creatures vanquished.

Vanquished Creatures (others)
  2 fungi (D:1)
  A plant (D:1)
3 creatures vanquished.

Grand Total: 60 creatures vanquished

Notes
Turn   | Place    | Note
-------+----------+-------------------------------------------
     0 | D:1      | jlumianski the Demonspawn Fighter began the quest for the
                  | Orb.
     0 | D:1      | Reached XP level 1. HP: 18/18 MP: 1/1
    54 | D:1      | Gained mutation: You are partially covered in icy blue
                  | scales. (AC +2) [demonic ancestry]
    54 | D:1      | Reached XP level 2. HP: 11/24 MP: 2/2
   601 | D:1      | Found a faded altar of an unknown god.
   845 | D:1      | Gained mutation: You are mostly covered in icy blue scales.
                  | (AC +3) [demonic ancestry]
   845 | D:1      | Reached XP level 3. HP: 29/29 MP: 3/3
  1216 | D:2      | Found Purphoida's Antique Armour Shop.
  1724 | D:3      | Found Nompol's Distillery.
  1734 | D:3      | Bought a potion of curing for 36 gold pieces
  1734 | D:3      | Bought a potion of curing for 36 gold pieces
  1747 | D:3      | Found a hazy altar of Hepliaklqana.
  1852 | D:3      | Gained mutation: You have sharp fingernails. [demonic
                  | ancestry]
  1852 | D:3      | Reached XP level 4. HP: 31/35 MP: 4/4
  2009 | D:3      | Found a runed translucent gate.
  2009 | D:3      | Found a runed translucent gate.
  2010 | D:3      | Found a runed translucent gate.
  2012 | D:3      | Noticed ders's ghost (amateur DjCj)
  2307 | D:3      | Gained mutation: You sometimes lose the ability to read
                  | scrolls when taking damage. [potion of mutation]
  2307 | D:3      | Gained mutation: Your body sometimes deteriorates upon
                  | taking damage. [potion of mutation]
  2307 | D:3      | Gained mutation: Armour fits poorly on your strangely
                  | shaped body. [potion of mutation]
  2307 | D:3      | Gained mutation: Your spells are a little harder to cast,
                  | but a little more powerful. [potion of mutation]
  2308 | D:3      | Lost mutation: Armour fits poorly on your strangely shaped
                  | body. [potion of mutation]
  2308 | D:3      | Lost mutation: Your spells are a little harder to cast, but
                  | a little more powerful. [potion of mutation]
  2308 | D:3      | Gained mutation: Armour fits poorly on your strangely
                  | shaped body. [potion of mutation]
  2308 | D:3      | Gained mutation: Your movements are slightly less
                  | encumbered by armour. (ER -2) [potion of mutation]
  2308 | D:3      | Gained mutation: Your spells are a little harder to cast,
                  | but a little more powerful. [potion of mutation]
  2314 | D:3      | Reached skill level 1 in Dodging
  2322 | D:3      | Killed ders's ghost
  2323 | D:3      | Gained mutation: A weak demonic guardian rushes to your
                  | aid. [demonic ancestry]
  2323 | D:3      | Reached XP level 5. HP: 23/41 MP: 5/5
  2540 | D:4      | Slain by an orc

Illustrated notes

Levels and vault maps discovered:
D:1:      dpeg_arrival_tiny_i, layout_basic,
          shapermc_ecumenical_altar_mp_urbaneastern, minmay_3d_cube
D:2:      layout_basic, serial_shops, nicolae_shop_advertising_works
          [nicolae_subvault_shop_adworks]
D:3:      layout_basic, mainiacjoe_overflow_small_starburst,
          gammafunk_ghost_split, serial_shops, shop
D:4:      layout_basic, minivault_14

Skill      XL: |  1  2  3  4 |
---------------+-------------+-----
Shields        | 3 |  3.1
Axes           | 2 3 |  3.5
Armour         | 3 |  3.5
Dodging        | 1 |  1.2
Fighting       | |  3.5
Stealth        | |  0.2

Action                   |  1- 3 |  4- 6 || total
-------------------------+-------+-------++-------
Melee: War axe           |   133 |    26 ||   159
       Spear             |     2 |       ||     2
  Use: Scroll            |     6 |     1 ||     7
       Potion            |       |     3 ||     3
Armor: Scale mail        |    57 |    45 ||   102
Dodge: Dodged            |    64 |    54 ||   118
Block: Buckler           |    29 |    34 ||    63

Table legend: (Time is in decaauts)
 A = Elapsed time spent in this place.
 B = Non-inter-level travel time spent in this place.
 C = Inter-level travel time spent in this place.
 D = Time resting spent in this place.
 E = Time spent auto-exploring this place.
 F = Levels seen in this place.
 G = Mean time per level.
                   A        B        C        D        E       F      G
               +--------+--------+--------+--------+--------+-----+--------+
         Total |   2605 |   2555 |     50 |      0 |   1507 |   4 |  651.2 |
       Dungeon |   2605 |   2555 |     50 |      0 |   1507 |   4 |  651.2 |
               +--------+--------+--------+--------+--------+-----+--------+

Top non-repeatable levels by time:
     D:1: 1047 daAuts
     D:3: 788 daAuts
     D:2: 708 daAuts
     D:4: 60 daAuts
